 Dungeon Crawl Stone Soup version 0.18.1-50-g88ac8fd (webtiles) character file.

5 Amnesiac the Shield-Bearer (level 1, -1/11 HPs)
             Began as a Vine Stalker Fighter on Mar 11, 2018.
             Was a Follower of Dithmenos.
             Slain by a hobgoblin
             ... wielding a +0 club
              (3 damage)
             ... on level 2 of the Dungeon.
             The game lasted 00:00:24 (156 turns).

Amnesiac the Shield-Bearer (Vine Stalker Fighter)    Turns: 156, Time: 00:00:25

Health: -1/11      AC:  6    Str: 18    XL:     1   Next: 80%
Magic:  0/2        EV:  7    Int:  8    God:    Dithmenos [*.....]
Gold:   11         SH:  9    Dex: 13    Spells: 0 memorised, 0 levels left

rFire  . . .     SeeInvis .     a - +0 rapier
rCold  . . .     Gourm    .     b - +0 scale mail
rNeg   . . .     Faith    .     c - +0 shield
rPois  .         Spirit   +     (no helmet)
rElec  .         Dismiss  .     (no cloak)
rCorr  .         Reflect  .     (no gloves)
SustAt .         Harm     .     (no boots)
MR     .....                    (no amulet)
Stlth  ..........               (no ring)
                                (no ring)

@: wreathed by umbra, not resistant to hostile enchantments, extremely
unstealthy
A: fangs 2, regeneration 1, magic shield, antimagic bite, no device heal 3, rot
immunity
a: Renounce Religion


You were on level 2 of the Dungeon.
You worshipped Dithmenos.
Dithmenos was aware of your devotion.
You were not hungry.

You visited 1 branch of the dungeon, and saw 2 of its levels.

You collected 11 gold pieces.

Inventory:

Hand Weapons
 a - a +0 rapier (weapon)
Missiles
 e - 18 poisoned needles
Armour
 b - a +0 scale mail (worn)
 c - a +0 shield (worn)
Scrolls
 g - a scroll of teleportation {!r, unknown}
Potions
 d - a potion of might {!q}
 h - a potion of lignification {!q, unknown}
Comestibles
 f - a bread ration
 i - a meat ration


   Skills:
 - Level 2.6 Fighting
 + Level 2.2 Short Blades
 - Level 2.4 Armour
 - Level 2.6 Shields


You couldn't memorise any spells.
You didn't know any spells.

Dungeon Overview and Level Annotations

Branches:
Dungeon (2/15)

Altars:
Dithmenos


Innate Abilities, Weirdness & Mutations

You have extremely sharp teeth.
Your natural rate of healing is unusually fast.
When hurt, damage is shared between your health and your magic reserves.
Your bite disrupts and absorbs the magic of your enemies.
Potions and wands cannot restore your health.
You are immune to rotting.


Message History

You hit the goblin. You bite the goblin. You drain its power.
You feel invigorated.
You kill the goblin!
You block the kobold's attack.
You see here a dagger.
You completely miss the kobold. You bite the kobold, but do no damage.
You block the kobold's attack.
You barely miss the kobold. You block the kobold's attack.
You hit the kobold.
The kobold is severely wounded.
The kobold hits you but does no damage.
Your shield prevents you from hitting the kobold.
You bite the kobold, but do no damage.
The kobold is severely wounded.
The kobold closely misses you. The kobold hits you but does no damage.
You hit the kobold.
You kill the kobold!
You see here a club.
Found a stone staircase leading down.
There is an escape hatch in the floor here.
There is a stone staircase leading down here.
You climb downwards.
A bat, a goblin and a hobgoblin come into view.
The hobgoblin shouts!
Found a scroll labeled KIQASTIASI and 9 gold pieces.
Found a faded altar to an unknown god.
Found a stone staircase leading down.
There is a stone staircase leading up here.
The bat hits you but does no damage.
An adder comes into view.
The bat hits you but does no damage.
Found 23 stones.
There is a faded altar to an unknown god here.
This altar will convert you to a god.
You cannot discern which.
Do you pray?
Okay, then.
Unknown command.
This altar will convert you to a god.
You cannot discern which.
Do you pray? Dithmenos accepts your prayer! Dithmenos welcomes you!
You are shrouded in an aura of darkness!
Quiver which item? (- for none, * to show all) (? for menu, Esc to quit)
Okay, then.
You hit the bat.
The bat is severely wounded.
The bat hits you but does no damage. The bat barely misses you. x2
You see here 23 stones.
You hit the bat.
You kill the bat!
Dithmenos accepts your kill. The adder bites you but does no damage.
The hobgoblin hits you but does no damage.
The adder closely misses you.
You miss the adder. You block the hobgoblin's attack. The adder bites you.
You closely miss the adder. The adder bites you. x2
You closely miss the adder. The hobgoblin hits you with a club.
You block the adder's attack. The goblin hits you but does no damage.
You hit the adder.
The adder is moderately wounded.
The adder bites you but does no damage. The hobgoblin hits you with a club.
* * * LOW HITPOINT WARNING * * *
You block the adder's attack. The goblin hits you with a club.
* * * LOW HITPOINT WARNING * * *
The hobgoblin hits you with a club.
You die...

#.####.#
#####....>.
..........###
............
.........#
.......#.#
#Sgg..##
#.@#..<#
#.#_#...#
#..#...g.#
#......#.#
###....#.#
######.g #?
$#


You could see an adder, a hobgoblin and a goblin.

Vanquished Creatures
  2 goblins (D:1)
  A kobold (D:1)
  2 bats
5 creatures vanquished.

Notes
Turn   | Place    | Note
--------------------------------------------------------------
     0 | D:1      | Amnesiac the Vine Stalker Fighter began the quest for the Orb.
     0 | D:1      | Reached XP level 1. HP: 11/11 MP: 2/2
   146 | D:2      | Found a faded altar to an unknown god.
   150 | D:2      | Became a worshipper of Dithmenos the Shadowed
   150 | D:2      | Reached * piety under Dithmenos
   156 | D:2      | Slain by a hobgoblin

Skill      XL: |  1 |
---------------+----+-----
Short Blades   | 2 |  2.2
Fighting       | |  2.6
Armour         | |  2.4
Shields        | |  2.6

Action                   || total
-------------------------++-------
Melee: Rapier            ||    16
       Bite              ||     5
Armor: Scale mail        ||     9
Dodge: Dodged            ||     4
Block: Shield            ||     7
